 Dungeon Crawl Stone Soup version 0.30-a0-937-ga0a21ad780 (console) character file.

Game seed: 7555727711562244858

4 petzl the Sneak (level 1, -13/18 HPs)
             Began as a Formicid Delver on Mar 24, 2023.
             Shot with an arrow by a centaur warrior (21 damage)
             ... on level 15 of the Dungeon.
             The game lasted 00:18:25 (1888 turns).

petzl the Sneak (Formicid Delver)                   Turns: 1888, Time: 00:18:26

Health: -13/18     AC:  4    Str: 16    XL:     1   Next: 66%
Magic:  1/1        EV: 12    Int:  9    God:
Gold:   55         SH:  0    Dex: 15    Spells: 0/0 levels left

rFire   . . .      SeeInvis +    a - +8 trishula {holy, anguish, *Noise Fly rN+}
rCold   . . .      Faith    .    (no shield)
rNeg    + . .      Spirit   .    g - +1 robe {Will+}
rPois   .          Reflect  .    (helmet unavailable)
rElec   .          Rampage  .    (no cloak)
rCorr   .                        (no gloves)
Will    +....                    o - +0 pair of boots
Stlth   +++                      (no amulet)
HPRegen 0.23/turn                (no ring)
MPRegen 0.07/turn                (no ring)

@: flying
A: permanent stasis, dig shafts and tunnels, antennae 3, four strong arms
a: Dig, Shaft Self


You were on level 15 of the Dungeon.
You visited 1 branch of the dungeon, and saw 9 of its levels.

You collected 55 gold pieces.

Inventory:

Hand Weapons
 a - the +8 trishula "Condemnation" (weapon) {holy, anguish, *Noise Fly rN+}
   (You found it on level 7 of the Dungeon)

   rN:        It protects you from negative energy.
   Fly:       It grants you flight.
   *Noise:    It may make noises in combat.
 b - a +1 hand axe of electrocution {!f =f}
Missiles
 n - 7 stones (quivered)
Armour
 g - a +1 robe of willpower (worn)
 k - a +0 leather armour
 o - a +0 pair of boots (worn)
 q - the +4 ring mail of Daisies {rElec rPois Int-3 Stlth-}
   (You found it on level 9 of the Dungeon)

   Int:       It affects your intelligence (-3).
   rElec:     It insulates you from electricity.
   rPois:     It protects you from poison.
   Stlth:     It makes you less stealthy.
Wands
 f - a wand of digging (1)
 i - a wand of acid (6)
 j - a wand of polymorph (10)
Scrolls
 c - a scroll of fog
 d - a scroll of magic mapping
 e - 2 scrolls of identify
 m - a scroll of enchant armour
Potions
 h - a potion of flight {unknown}
 l - a potion of heal wounds {unknown}
 p - a potion of lignification {unknown}
 s - a potion of attraction {unknown}


   Skills:
 - Level 3.2 Fighting
 - Level 2.0 Maces & Flails
 + Level 0.3 Polearms
 - Level 1.7 Dodging
 - Level 6.0 Stealth
 + Level 0.4 Spellcasting
 + Level 0.5 Evocations


You couldn't memorise any spells.
You didn't know any spells.
Your spell library was empty.

Dungeon Overview and Level Annotations

Branches:
Dungeon (11/15)            Temple (0/1) D:5
   Lair: D:8-11         Orc: D:9-12

Altars:
Ashenzari
Dithmenos
Gozag

Shops:
D:8 *

Annotations:
D:7 exclusions: downstairs, scorpion and sky beast
D:9 exclusions: shadow and two-headed ogre
D:10 exclusions: downstairs, 5 sensed monsters (detected) and upstairs
D:11 exclusion: acid dragon, Psyche


Innate Abilities, Weirdness & Mutations

You cannot be hasted, slowed, berserked, paralysed or teleported.
You can dig through walls and to a lower floor.
You have a pair of large antennae on your head. (SInv)
Your four strong arms can wield two-handed weapons with a shield.


Message History

Ouch! That really hurt!
You begin to dig a shaft.
You continue digging a shaft.
The wyvern barely misses you. A shaft appears beneath you!
You are sucked into a shaft and drop 2 floors!
The shaft crumbles and collapses.
You hear a distant snort.
Hark!
There is a gateway to a gauntlet on this level.
Find the entrance quickly before the gate is sealed!
The orc wizard shouts!
The two-headed ogre shouts in stereo!
The vampire mosquito buzzes angrily. x2
Found a ring mail.
The cyclops shouts!
The vampire mosquito buzzes angrily. x2
A wraith comes into view.
Are you sure you want to shaft yourself?
The orc shouts!
You begin to dig a shaft.
You continue digging a shaft.
The cyclops shouts!
You hear a shout!
The vampire mosquito misses you.
The vampire mosquito closely misses you.
The vampire mosquito bites you.
* * * LOW HITPOINT WARNING * * *
The vampire mosquito draws strength from your injuries!
A shaft appears beneath you!
You are sucked into a shaft and drop 3 floors!
The shaft crumbles and collapses.
Beware, you cannot shaft yourself on this level.
You start resting.
A seven-headed hydra comes into view.
A centaur warrior comes into view.
Found a scroll of identify and a fuming sapphire potion.
The seven-headed hydra roars!
The centaur warrior shouts!
The centaur warrior wields a +0 longbow.
The centaur warrior shoots an arrow.
The arrow completely misses you.
As you read the scroll labelled CIAKODW UP WULICI, it crumbles to dust.
It is a scroll of enchant weapon.
Your +0 hand axe of electrocution {!f =f} glows red for a moment.
The centaur warrior shoots an arrow.
The arrow hits you!!
Ouch! That really hurt!
You die...

####### #.....#
#!....# #c....#
#.....##### ...
#..?......# ....
#.....###.##.....
#@##...........
#.##...........
#.##...D.###...
##.##.....# .
#...{##.##...#
#.####### #### ##
{ {{


You could see a centaur warrior.

Vanquished Creatures
  An orc (D:7)
1 creature vanquished.

Vanquished Creatures (others)
  An orc (D:7)
1 creature vanquished.

Grand Total: 2 creatures vanquished

Notes
Turn   | Place    | Note
-------+----------+-------------------------------------------
     0 | D:5      | petzl the Formicid Delver began the quest for the Orb.
     0 | D:5      | Reached XP level 1. HP: 18/18 MP: 1/1
     7 | D:5      | Noticed a gnoll bouda
    23 | D:5      | Found a staircase to the Ecumenical Temple.
    23 | D:5      | Noticed a hound
    28 | D:5      | You fall into a shaft and drop 2 floors!
    83 | D:7      | Noticed a sky beast
   104 | D:6      | Noticed an orc wizard
   121 | D:6      | You fall into a shaft and drop 1 floor!
   202 | D:7      | Noticed a scorpion
   211 | D:7      | Found the +8 trishula "Condemnation" {holy, anguish, *Noise
                  | Fly rN+}
   261 | D:8      | Noticed a hornet
   352 | D:7      | Noticed a centaur
   356 | D:7      | You are sucked into a shaft and drop 2 floors!
   423 | D:9      | Noticed a shadow
   435 | D:8      | Found Qecrovass's Elemental Accessories.
   453 | D:8      | Found an opulent altar of Gozag.
   483 | D:7      | Noticed an orc priest
   490 | D:8      | You are sucked into a shaft and drop 2 floors!
   490 | D:10     | Entered Level 10 of the Dungeon
   490 | D:10     | Found a shadowy altar of Dithmenos.
   606 | D:11     | Noticed an acid dragon
   626 | D:11     | Noticed a two-headed ogre
   817 | D:11     | Noticed Psyche
   902 | D:10     | Noticed a wyvern
   922 | D:9      | Found a broken altar of Ashenzari.
  1011 | D:8      | You are sucked into a shaft and drop 1 floor!
  1088 | D:9      | Noticed a yak
  1089 | D:9      | Identified the +4 ring mail of Daisies {rElec rPois Int-3
                  | Stlth-}
  1105 | D:9      | Noticed an orc wizard
  1106 | D:9      | Noticed an orc warrior
  1114 | D:9      | You are sucked into a shaft and drop 2 floors!
  1591 | D:9      | Noticed a two-headed ogre
  1654 | D:8      | You are sucked into a shaft and drop 2 floors!
  1799 | D:9      | Noticed an orc priest
  1870 | D:10     | You are sucked into a shaft and drop 2 floors!
  1870 | D:12     | Noticed an orc priest
  1870 | D:12     | Noticed an orc wizard
  1870 | D:12     | Noticed a two-headed ogre
  1870 | D:12     | Noticed a cyclops
  1870 | D:12     | Noticed a cyclops
  1870 | D:12     | Noticed a vampire mosquito
  1870 | D:12     | Noticed a vampire mosquito
  1870 | D:12     | Noticed a vampire mosquito
  1870 | D:12     | Noticed a vampire mosquito
  1871 | D:12     | Noticed a wraith
  1872 | D:12     | Noticed a wraith
  1874 | D:12     | You are sucked into a shaft and drop 3 floors!
  1874 | D:15     | Entered Level 15 of the Dungeon
  1878 | D:15     | Noticed a seven-headed hydra
  1879 | D:15     | Noticed a centaur warrior
  1888 | D:15     | Shot with an arrow by a centaur warrior

Illustrated notes

Levels and vault maps discovered:
D:5:      layout_basic, nicolae_wu_jian_wuxing_cycle, minmay_temple_entry_ruins,
          minmay_small_thing
D:6:      layout_gridville, elyvilon_altar_3, hangedman_decor_push
D:7:      layout_basic
D:8:      wad_woods_minihive, layout_rooms, nicolae_gozag_seed_capital,
          nicolae_elemental_shop
D:9:      layout_cave_pools, zin_purify, old_standard_altar, david_orc_2,
          introduction_to_nature_2
D:10:     layout_basic, nicolae_dithmenos_through_a_glass_darkly,
          ebering_ghost_reflecting_pool
D:11:     layout_gridville, hellmonk_lair_entry_icy, serial_glass,
          glass_columns_b, glass_columns_a, minmay_misc_feat_columns,
          uniq_psyche
D:12:     layout_cross, gauntlet_entry_generic
D:15:     gammafunk_enter_depths_forms, layout_rooms, minivault_4

Action                     || total
---------------------------++-------
  Melee: Trishula          ||     4
  Throw: Stone             ||     3
Ability: Shaft Self        ||     9
         Dig               ||     1
  Evoke: Wand              ||     2
    Use: Scroll            ||     4
 Armour: Leather armour    ||     1
  Dodge: Dodged            ||    21

Table legend: (Time is in decaauts)
 A = Elapsed time spent in this place.
 B = Non-inter-level travel time spent in this place.
 C = Inter-level travel time spent in this place.
 D = Time resting spent in this place.
 E = Time spent auto-exploring this place.
 F = Levels seen in this place.
 G = Mean time per level.
                   A        B        C        D        E       F      G
               +--------+--------+--------+--------+--------+-----+--------+
         Total |   1891 |   1670 |    221 |    313 |    138 |   9 |  210.1 |
       Dungeon |   1891 |   1670 |    221 |    313 |    138 |   9 |  210.1 |
               +--------+--------+--------+--------+--------+-----+--------+

Top non-repeatable levels by time:
    D:10: 918 daAuts
     D:7: 337 daAuts
     D:9: 247 daAuts
    D:11: 190 daAuts
     D:8: 135 daAuts
     D:5: 28 daAuts
     D:6: 16 daAuts
    D:15: 13 daAuts
    D:12: 3 daAuts
